Map: Ulrena

Players

PuTe - Winner!

  • Race: Protoss Protoss
  • League: Gold

capac

  • Race: Terran Terran
  • League: Gold

VOD

Have the link to the VOD?

Description

Time

  • Played on: Feb. 17, 2016, noon
  • Length: 18:52
Show
View Real Time Build Order
Export as new Build Order

PuTe Protoss - Winner!

Build Orders:  

Get SALT Encoding   

  12  0:06  Probe (Chrono Boost)  
  13  0:14  Pylon  
  13  0:18  Probe (Chrono Boost)  
  14  0:28  Probe (Chrono Boost)  
  14  0:34  Gateway  
  15  0:39  Probe (Chrono Boost)  
  16  0:46  Assimilator  
  17  0:50  Probe (Chrono Boost)  
  17  0:57  Pylon  
  17  1:01  Probe (Chrono Boost)  
  18  1:12  Probe (Chrono Boost)  
  19  1:27  Probe (Chrono Boost)  
  19  1:30  Cybernetics Core  
  20  1:33  Gateway  
  20  1:39  Probe (Chrono Boost)  
  21  1:56  Probe (Chrono Boost)  
  22  2:06  Adept (Chrono Boost), Assimilator  
  24  2:09  Mothership Core  
  26  2:21  Gateway  
  28  2:25  Adept (Chrono Boost), Pylon  
  28  2:30  Probe  
  31  2:37  Adept (Chrono Boost)  
  31  2:47  Robotics Facility  
  31  2:53  Adept (Chrono Boost)  
  31  2:55  Probe  
  34  2:59  Warp Gate (Chrono Boost)  
  36  3:07  Adept (Chrono Boost)  
  36  3:12  Adept (Chrono Boost)  
  38  3:40  Pylon  
  38  3:42  Pylon  
  38  3:56  Gateway  
  38  3:58  Warp Prism (Chrono Boost)  
  40  4:34  Nexus  
  40  4:48  Probe  
  40  4:52  Immortal  
  45  5:00  Probe  
  46  5:22  Adept x2  
  46  5:23  Adept x2  
  34  5:51  Probe  
  34  5:52  Probe  
  34  5:55  Adept x4  
  42  6:01  Twilight Council, Probe  
  43  6:04  Probe  
  44  6:14  Pylon  
  44  6:16  Probe  
  44  6:17  Probe  
  46  6:28  Probe  
  46  6:29  Probe  
  46  6:32  Adept x3  
  52  6:37  Assimilator  
  54  6:41  Probe  
  54  6:42  Observer  
  56  6:52  Probe  
  56  6:53  Probe  
  58  6:56  Assimilator  
  58  7:02  Probe  
  58  7:03  Immortal  
  58  7:05  Probe  
  64  7:13  Probe  
  64  7:14  Gateway  
  65  7:15  Gateway  
  65  7:17  Probe  
  66  7:24  Probe  
  66  7:29  Probe  
  68  7:32  Stalker x3  
  68  7:36  Stalker  
  76  7:51  Pylon  
  76  7:57  Resonating Glaives (Chrono Boost)  
  76  7:59  Probe  
  76  8:00  Probe  
  78  8:09  Probe  
  78  8:10  Immortal  
  78  8:12  Probe  
  84  8:19  Stalker  
  86  8:28  Pylon  
  86  8:30  Pylon  
  86  8:38  Forge  
  86  8:42  Forge  
  86  8:45  Probe, Pylon  
  86  8:46  Probe  
  88  8:51  Pylon  
  88  8:55  Warp Prism  
  90  9:03  Robotics Bay  
  90  9:09  Adept  
  92  9:10  Stalker, Adept  
  92  9:14  Protoss Ground Weapons Level 1  
  92  9:17  Protoss Ground Armor Level 1  
  95  9:30  Sentry x4  
  103  9:32  Sentry  
  103  9:35  Stalker  
  107  9:55  Stalker  
  107  9:56  Stalker x2  
  93  10:21  Disruptor (Chrono Boost), Stalker x2  
  93  10:22  Stalker x2  
  104  10:30  Blink (Chrono Boost)  
  104  10:47  Zealot, Stalker x2  
  104  10:49  Adept x3  
  116  10:55  Disruptor  
  101  11:19  Stalker  
  101  11:20  Stalker x3  
  101  11:21  Stalker x2  
  111  11:31  Probe x2  
  102  11:43  Probe x2  
  94  11:55  Probe x2  
  85  12:02  Stalker x4  
  85  12:03  Stalker x2  
  85  12:07  Probe x2  
  97  12:22  Immortal  
  82  12:49  Stalker x3  
  82  12:50  Stalker x2  
  82  12:51  Stalker  
  90  13:00  Immortal  
  94  13:20  Nexus  
  94  13:51  Stalker  
  94  13:52  Stalker, Adept  
  94  13:53  Adept  
  94  13:55  Sentry, Adept  
  89  14:42  Stalker x2  
  89  14:44  Mothership Core  
  89  14:45  Assimilator  
  95  14:50  Assimilator  
  95  14:57  Pylon  
  95  15:00  Pylon, Adept x3  
  101  15:08  Colossus, Zealot x2  
  111  15:43  Extended Thermal Lance  
  110  15:52  Adept x4  
  118  15:57  Disruptor  
  121  16:06  Protoss Ground Weapons Level 2  
  121  16:20  Stalker  
  121  16:21  Stalker x2  
  127  16:26  Colossus, Nexus  
  131  16:58  Adept  
  131  16:59  Stalker x2  
  137  17:03  Robotics Facility  
  137  17:06  Sentry  
  137  17:07  Sentry  
  141  17:10  Sentry  
  141  17:12  Colossus  
  94  17:53  Stalker  
  94  17:54  Stalker x5  
  106  18:18  Probe x2  
  106  18:19  Probe  
  108  18:20  Probe  
  110  18:27  Stalker x3  
  110  18:32  Probe  
  125  18:34  Assimilator  
Show
View Real Time Build Order
Export as new Build Order

capac Terran 

Build Orders: MMM Bio 

Get SALT Encoding   

  12  0:01  SCV  
  13  0:13  SCV  
  14  0:18  Supply Depot  
  14  0:26  SCV  
  15  0:39  SCV  
  15  0:42  Barracks  
  16  0:47  Refinery  
  16  0:53  SCV  
  17  1:00  Supply Depot  
  17  1:05  SCV  
  18  1:18  SCV  
  19  1:28  Marine  
  20  1:35  Orbital Command  
  20  1:57  Marine  
  20  2:01  Factory  
  21  2:03  SCV  
  21  2:05  Barracks  
  22  2:15  SCV  
  23  2:20  Marine  
  24  2:28  SCV  
  25  2:38  Marine  
  25  2:40  SCV  
  27  2:45  Factory Tech Lab  
  27  2:51  Command Center  
  27  2:53  Refinery  
  27  2:56  Marine  
  27  2:57  Barracks Tech Lab  
  28  3:05  Siege Tank  
  31  3:10  Supply Depot  
  31  3:18  Marine x2  
  33  3:20  SCV  
  33  3:26  Stimpack  
  34  3:35  SCV  
  34  3:38  Marine x2  
  37  3:54  SCV  
  37  3:55  Starport  
  38  3:56  Marine x2  
  38  3:58  Supply Depot  
  40  4:08  Barracks  
  40  4:18  Bunker  
  39  4:28  Siege Tank  
  39  4:48  Marine x2  
  39  4:50  Medivac  
  43  5:07  Marine x2  
  43  5:08  Marine  
  46  5:23  Siege Tank  
  42  6:02  SCV  
  43  6:17  Bunker, SCV  
  44  6:19  Marine  
  44  6:20  Marine  
  46  6:27  Starport Reactor  
  46  6:30  Engineering Bay  
  46  6:31  SCV  
  47  6:37  Marine  
  48  6:49  Marine  
  48  6:50  Barracks Reactor  
  48  6:51  Combat Shields  
  49  6:55  Marine  
  51  7:01  SCV  
  51  7:02  SCV  
  51  7:06  Marine  
  53  7:10  Medivac x2  
  53  7:13  Marine  
  58  7:16  Missile Turret  
  58  7:18  SCV x2  
  60  7:36  Supply Depot  
  60  7:48  Marine x2  
  60  7:50  Marine  
  62  7:57  Marine  
  62  7:58  Siege Tank, SCV  
  68  8:01  Orbital Command  
  68  8:03  Supply Depot  
  67  8:06  Marine x2  
  67  8:07  Liberator  
  67  8:08  Liberator  
  69  8:13  Missile Turret  
  69  8:23  Supply Depot  
  75  8:32  Refinery  
  75  8:35  Refinery  
  75  8:40  Siege Tank  
  78  9:01  Marine x3  
  81  9:09  Missile Turret  
  81  10:08  Siege Tank  
  81  10:09  Marine x3  
  87  10:16  Liberator x2  
  81  10:36  Marine  
  81  10:37  Marine x2  
  84  10:45  Barracks  
  84  10:47  Barracks  
  84  10:49  Barracks Reactor  
  84  10:54  Marine x2  
  86  10:58  Missile Turret  
  86  11:01  Siege Tank  
  86  11:02  Marine  
  78  11:12  Marine x2  
  77  11:19  Marine  
  78  11:29  Marine x2  
  78  11:30  Marine x2  
  78  11:33  Siege Tank  
  78  11:37  Marine  
  73  11:47  Marine x2  
  73  11:48  Marine x2  
  74  11:55  Marine  
  71  12:04  Marine  
  71  12:05  Marine x2  
  71  12:06  Marine  
  75  12:13  Marine  
  71  12:22  Marine x2  
  71  12:23  Marine  
  50  12:55  Marine x4  
  50  12:56  Siege Tank  
  57  13:06  Barracks Reactor x2  
  57  13:08  Marine  
  58  13:12  Marine  
  58  13:13  Marine x3  
  58  13:18  Medivac x2  
  66  13:25  Marine  
  67  13:28  Siege Tank  
  67  13:30  Marine  
  67  13:33  Command Center  
  71  13:48  Marine x6  
  73  13:49  Marine  
  73  13:54  Supply Depot  
  78  14:03  SCV x2  
  80  14:16  Marine x2  
  80  14:17  Marine  
  73  14:38  Marine x2  
  73  14:39  Marine x4  
  79  14:59  Marine x4  
  82  15:00  Marine x4  
  87  15:10  Siege Tank  
  90  15:59  Orbital Command  
  90  16:29  Viking  
  90  16:30  Viking  
  94  16:34  Marine x3  
  94  16:35  Marine x3  
  100  16:58  Marine x4  
  100  16:59  Viking x2, Marine x4  
  112  17:07  Marine  
  113  17:10  Siege Tank  
  116  17:16  Marine  
  117  17:25  Marine x2  
  117  17:29  Viking  
  53  18:02  Marine x3  
  53  18:03  Marine x6  
  53  18:04  Siege Tank  
  60  18:20  Marine x3  
  63  18:33  Bunker  
Tags
 
Composition
MMM Bio
League
GoldGold
Matchup
PvT
Add a new tag
Caveats
  • Supply blocks, unpowered buildings, or Contaminate may cause inaccurate times.
  • Supply counts are checked every 10 seconds.